AoeStats
← Enrique78

Arena

509100560Analyzed
1v1 RM · 7d ago on Sep 25, 2026· 36m 19s· 2 players
Game mode
Random Map
Map size
Tiny (2 player)
Population
200
Speed
Normal
Resources
Standard
Victory
Conquest
Starting age
Dark Age
Ending age
Imperial Age
RankedLock teamsTeams togetherTeam positionsShared explorationLock speedFull tech treeHidden civsTurbo modeCheats
Victory
Defeat
🇩🇪 Turks · Germany
782
+15
🇪🇸 Magyars · Spain
761
-15
budisimion
10:00 Feudal Age
18:50 Castle Age
21:05 Fletching
21:03 Double-Bit Axe
21:44 Town Watch
24:11 Corvinian Army
31:31 Imperial Age
Enrique78
13:15 Feudal Age
17:16 Castle Age
15:46 Double-Bit Axe
21:57 Imperial Age
21:12 Horse Collar
21:52 Padded Archer Armor
30:24 Leather Archer Armor
Connection lost

Rejoining the realm…

Still unreachable

The connection could not be restored.

Session expired

The server has moved on; the page needs a fresh start.